 Dungeon Crawl Stone Soup version 0.31-a0-210-gccc998df9b (webtiles) character file.

Game seed: 5801404434352684974

25 qw the Shooter (level 2, -1/24 HPs)
             Began as a Minotaur Hexslinger on June 29, 2023.
             Slain by an adder (3 damage)
             ... on level 2 of the Dungeon.
             The game lasted 00:00:14 (751 turns).

qw the Shooter (Minotaur Hexslinger)                 Turns: 751, Time: 00:00:15

Health: -1/24      AC:  3    Str: 12    XL:     2   Next: 86%
Magic:  2/2        EV: 11    Int: 10    God:
Gold:   12         SH:  0    Dex: 12    Spells: 2/3 levels left

rFire   . . .        Y - +1 sling
rCold   . . .        (no shield)
rNeg    . . .        h - +0 leather armour
rPois   .            (helmet restricted)
rElec   .            (no cloak)
rCorr   .            (no gloves)
SInv    .            (no boots)
Will    .....        (no amulet)
Stlth   +            (no ring)
HPRegen 0.24/turn    (no ring)
MPRegen 0.08/turn

%: no passive effects
@: no status effects
A: horns 2, retaliatory headbutt
a: no special abilities


You were on level 2 of the Dungeon.
You visited 1 branch of the dungeon, and saw 2 of its levels.

You collected 32 gold pieces.
You spent 20 gold pieces at shops.


Innate Abilities, Weirdness & Mutations

You have a pair of horns on your head.
You reflexively headbutt those who attack you in melee.


   Skills:
 - Level 2.0 Fighting
 + Level 3.5 Ranged Weapons
 - Level 2.1 Dodging
 - Level 1.0 Spellcasting
 - Level 2.0 Hexes


You had 2 spell levels left.
You knew the following spells:

 Your Spells              Type           Power      Damage    Failure   Level
a - Slow                  Hex            16%        N/A       19%         1

Your spell library contained the following spells:

 Spells                   Type           Power      Damage    Failure   Level
 Inner Flame              Hex/Fire       2%         N/A       65%         3
 Portal Projectile        Hex/Tloc       4%         N/A       65%         3
 Cause Fear               Hex            2%         N/A       88%         4

Inventory:

Hand Weapons
 Y - a +1 sling (weapon)
Armour
 h - a +0 leather armour (worn)
Scrolls
 i - a scroll of identify
Potions
 e - a potion of curing {unknown}
 g - a potion of brilliance {unknown}
 j - a potion of might {unknown}

Dungeon Overview and Level Annotations

Branches:
Dungeon (2/15)

Altars:

Shops:
D:1 ?

Annotations:
D:2 Natasha


Message History

The kobold throws a stone.
The stone hits you but does no damage.
An adder comes into view.
The kobold throws a stone.
The stone hits you but does no damage.
You shoot a sling bullet. The adder hisses angrily.
The sling bullet hits Natasha.
Natasha is moderately wounded.
Natasha barely misses you.
A rat comes into view.
The kobold throws a stone.
The stone hits you but does no damage.
You shoot a sling bullet. The sling bullet hits Natasha.
Natasha is heavily wounded.
Natasha claws you.
You shoot a sling bullet.
The sling bullet barely misses the kobold.
The sling bullet closely misses the adder.
The sling bullet hits the rat but does no damage.
Natasha closely misses you. The kobold closely misses you.
Natasha casts a spell at you. The magic dart hits you.
You shoot a sling bullet. The sling bullet hits the kobold.
You kill the kobold!
Natasha barely misses you. The adder misses you.
You shoot a sling bullet. The sling bullet hits Natasha.
Natasha is heavily wounded.
Natasha claws you. The adder bites you.
You shoot a sling bullet.
The sling bullet closely misses Natasha.
The adder bites you but does no damage.
Natasha casts a spell.
The adder bites you.
You shoot a sling bullet. The sling bullet hits Natasha.
Natasha is heavily wounded.
Natasha mewls in sadness.
Natasha claws you but does no damage. The adder bites you.
The cerulean imp closely misses you. Natasha claws you.
You shoot a sling bullet. The sling bullet hits Natasha.
Natasha is severely wounded.
The adder bites you.
You die...

#......>...##......
#..........##......
.
#...............%..
..
#..........###.####
...######....####
#...<<
......###.####
###.....
..........#
#.......
........#.#
........
......#@#.#
..#.....
.....5Sh....... .
#.....
.......r..#...#
#.....
.......!..#.###
##.... 7P.........
# ....#
.........#.. .#..#
.............
..............


You could see Natasha, a cerulean imp (summoned), an adder and a rat.

Vanquished Creatures
  A dart slug (D:1)
  A ball python (D:1)
  2 endoplasms (D:1)
  A giant cockroach (D:1)
  A goblin (D:1)
  5 hobgoblins
  3 jackals (D:1)
  A bat (D:1)
  3 kobolds
  A rat (D:2)
19 creatures vanquished.

Notes
Turn   | Place    | Note
-------+----------+-------------------------------------------
     0 | D:1      | qw the Minotaur Hexslinger began the quest for the Orb.
     0 | D:1      | Reached XP level 1. HP: 16/16 MP: 1/1
     0 | D:1      | 0 ||| qw: Version: 0.3-a-24-ga2abf7b
     0 | D:1      | 0 ||| qw: Game counter: 7013
     0 | D:1      | 0 ||| qw: Melee chars always use a shield: true
     0 | D:1      | 0 ||| qw: God list: Okawaru
     0 | D:1      | 0 ||| qw: Allow faded altars: false
     0 | D:1      | 0 ||| qw: Do Orc after clearing Dungeon:15 true
     0 | D:1      | 0 ||| qw: Do second Lair branch before Depths: true
     0 | D:1      | 0 ||| qw: Lair rune preference: random
     0 | D:1      | 0 ||| qw: Goals: Normal
     0 | D:1      | 0 ||| PLANNING D:1-11
   152 | D:1      | Reached skill level 3 in Ranged Weapons
   177 | D:1      | Reached XP level 2. HP: 23/23 MP: 2/2
   191 | D:1      | Found a faded altar of an unknown god.
   495 | D:1      | Found Soifro's Magic Scroll Boutique.
   500 | D:1      | 500 ||| SHOPLISTING 2 scrolls of brand weapon (190 gold,
                  | have 32).
   500 | D:1      | 500 ||| BUYING scroll of identify (20 gold).
   500 | D:1      | Bought a scroll of identify for 20 gold pieces
   500 | D:1      | 500 ||| SHOPLISTING scroll of identify (20 gold, have 12).
   500 | D:1      | 500 ||| SHOPLISTING scroll of teleportation (30 gold, have
                  | 12).
   634 | D:1      | 634 ||| UPGRADING to +0 leather armour.
   644 | D:1      | 644 ||| DROPPING +0 robe.
   645 | D:1      | 645 ||| READING scroll labelled GETSUFOALE.
   646 | D:1      | 646 ||| READING scroll labelled MICWUSTITYT.
   647 | D:1      | 647 ||| DROPPING scroll of poison.
   739 | D:2      | Noticed Natasha
   750 | D:2      | HP: 5/24 [adder (3)]
   750 | D:2      | HP: 1/24 [Natasha (4)]
   751 | D:2      | Slain by an adder

Levels and vault maps discovered:
D:1:      minmay_arrival_solitary_statue, layout_loops_cross, serial_shops,
          shop, nicolae_ecumenical_snake_handling
D:2:      layout_rooms, serial_park_tiny_1, dreamdust_mushroom_princess,
          uniq_natasha

Skill      XL: |  1  2 |
---------------+-------+-----
Ranged Weapons | 3 |  3.5
Fighting       | 2 |  2.0
Dodging        | |  2.1
Spellcasting   | |  1.0
Hexes          | |  2.0

Action                     || total
---------------------------++-------
   Fire: Sling             ||    53
    Use: Scroll            ||     2
 Armour: Robe              ||     1
         Leather armour    ||     6
  Dodge: Dodged            ||    14

Table legend:
 A = Non-vault XP
 B = Vault XP
 C = Vault XP percentage of total XP
 D = Non-vault monster count
 E = Vault monster count
 F = Vault count percentage of total count
                 A         B        C        D         E       F
            +---------+---------+-------+---------+---------+-------
      Total |      35 |       2 |   5.4 |      18 |       1 |   5.3
            +---------+---------+-------+---------+---------+-------
        D:1 |      28 |       2 |   6.7 |      14 |       1 |   6.7
        D:2 |       7 |       0 |   0.0 |       4 |       0 |   0.0
            +---------+---------+-------+---------+---------+-------
